 Dungeon Crawl Stone Soup version 0.31-a0-145-g046c7d2549 (webtiles) character file.

Game seed: 12341049930028456248

72 jlumianski the Grasshopper (level 4, 0/23 HPs)
             Began as a Spriggan Warper on June 5, 2023.
             Slain by Terence
             ... wielding a +0 flail
              (4 damage)
             ... on level 2 of the Dungeon.
             The game lasted 00:17:10 (2345 turns).

jlumianski the Grasshopper (Spriggan Warper)        Turns: 2345, Time: 00:17:11

Health: 0/23       AC:  3    Str: 10    XL:     4   Next: 6%
Magic:  0/9        EV: 18    Int: 14    God:
Gold:   139        SH:  0    Dex: 16    Spells: 7/9 levels left

rFire   + + .        a - +0 short sword
rCold   . . .        (no shield)
rNeg    . . .        q - +1 robe "Wevink" {+Inv rF++ Str+3}
rPois   .            (helmet restricted)
rElec   .            (no cloak)
rCorr   .            (gloves unavailable)
SInv    +            (boots unavailable)
Will    .....        l - amulet of guardian spirit
Stlth   ++           (no ring)
HPRegen 0.23/turn    (no ring)
MPRegen 0.11/turn

%: guardian spirit
@: very quick
A: very small, no large weapons, unfitting armour, see invisible, speed 3
a: Evoke Invisibility


You were on level 2 of the Dungeon.
You visited 1 branch of the dungeon, and saw 4 of its levels.

You collected 139 gold pieces.

Inventory:

Hand Weapons
 a - a +0 short sword (weapon)
 f - a +0 long sword
Missiles
 d - 7 boomerangs of dispersal
 i - 3 poisoned darts (quivered)
 k - 39 stones
Armour
 b - a +0 robe
 q - the +1 robe "Wevink" (worn) {+Inv rF++ Str+3}
   (You found it on level 2 of the Dungeon)

   Str:       It affects your strength (+3).
   rF:        It greatly protects you from fire.
   +Inv:      It lets you turn invisible.
Magical Staves
 g - a staff of air
Jewellery
 l - an amulet of guardian spirit (around neck)
Wands
 t - a wand of flame (9)
Scrolls
 c - 2 scrolls of blinking
 j - a scroll of acquirement {unknown}
 m - 2 scrolls of magic mapping {unknown}
 n - 2 scrolls of immolation
 p - 2 scrolls of teleportation {unknown}
 s - a scroll of identify {unknown}
 u - 3 scrolls of vulnerability {unknown}
Potions
 e - a potion of enlightenment
 h - a potion of lignification
 o - a potion of curing {unknown}
 r - 2 potions of mutation {unknown}


   Skills:
 + Level 1.8 Fighting
 + Level 3.1 Short Blades
 + Level 1.0 Throwing
 + Level 4.0 Dodging
 + Level 1.7 Stealth
 + Level 3.0 Spellcasting
 + Level 5.0 Translocations
 * Level 0.4 Evocations


You had 7 spell levels left.
You knew the following spells:

 Your Spells              Type           Power      Damage    Failure   Level
a - Blink                 Tloc           32%        N/A       4%          2

Your spell library contained the following spells:

 Spells                   Type           Power      Damage    Failure   Level
 Apportation              Tloc           32%        N/A       2%          1
 Lesser Beckoning         Tloc           32%        N/A       4%          2
 Teleport Other           Tloc           16%        N/A       8%          3
 Necrotise                Necr           8%         1d4       22%         1
 Summon Small Mammal      Summ           8%         N/A       22%         1
 Vhi's Electric Charge    Tloc/Air       18%        N/A       22%         3
 Manifold Assault         Tloc           16%        N/A       26%         4
 Flame Wave               Conj/Fire      2%         2d4       91%         4
 Summon Forest            Summ/Tloc      4%         N/A       91%         5


Dungeon Overview and Level Annotations

Branches:
Dungeon (4/15)
 Temple: D:4-7

Altars:

Shops:
D:3 =

Annotations:
D:2 Terence
D:3 1 runed translucent door, Zvl3's ghost, amateur DjHW


Innate Abilities, Weirdness & Mutations

You are very small and have problems with some larger weapons.
You are too small for most types of armour.
You have supernaturally acute eyesight. (SInv)
You cover ground extremely quickly. (Speed+++)


Message History

You hit Terence but do no damage.
Terence is heavily wounded.
You hit Terence.
Terence is severely wounded.
Terence shouts, "Get ready for death!"
Terence completely misses you.
You barely miss Terence.
Terence is severely wounded.
Terence barely misses you.
You closely miss Terence.
Terence is severely wounded.
Terence misses you.
You hit Terence.
Terence is severely wounded.
Terence misses you.
You hit Terence but do no damage.
Terence is severely wounded.
Terence hits you with a +0 flail.
You hit Terence but do no damage.
Terence is severely wounded.
Terence closely misses you.
You hit Terence.
Terence is almost dead.
You barely miss Terence.
Terence is almost dead.
Terence completely misses you.
You hit Terence.
Terence is almost dead.
Terence hits you with a +0 flail.
You barely miss Terence.
Terence is almost dead.
Terence completely misses you.
You completely miss Terence.
Terence is almost dead.
Terence hits you with a +0 flail!
* * * LOW HITPOINT WARNING * * *
You hit Terence but do no damage.
Terence is almost dead.
Terence hits you with a +0 flail.
You die...

................#....#
..#####.....>...#....#######
..# #............#.......#
†.########.........#......<#
......# #.........#...[...#
......# #.........#.......#
......# #.........#.......#
...#### #........##.......#
....# ##.##.##@..'.......#
....# #...#...@.#'.......#
....# #..................#
....# #..................#
....# #..................#
....# #..........>.......#
....# #.........?........#
....# #.....)......#######
##### #............#


You could see Terence.

Vanquished Creatures
  A gnoll (D:2)
  2 adders (D:2)
  A dart slug (D:1)
  7 endoplasms
  A giant cockroach (D:2)
  4 hobgoblins
  4 jackals (D:2)
  3 quokkas
  2 ball pythons (D:3)
  3 bats (D:2)
  3 frilled lizards
  A goblin (D:1)
  3 kobolds
  6 rats
41 creatures vanquished.

Notes
Turn   | Place    | Note
-------+----------+-------------------------------------------
     0 | D:1      | jlumianski the Spriggan Warper began the quest for the Orb.
     0 | D:1      | Reached XP level 1. HP: 10/10 MP: 5/5
   348 | D:1      | Reached skill level 1 in Stealth
   353 | D:1      | Reached XP level 2. HP: 15/15 MP: 6/6
   373 | D:1      | Learned a level 2 spell: Blink
   785 | D:1      | Got Sif Muna's Treatise on Dimensional Ashes
   956 | D:2      | Reached skill level 5 in Translocations
  1052 | D:2      | Reached XP level 3. HP: 13/18 MP: 4/8
  1176 | D:3      | Noticed Terence
  1312 | D:2      | Found a faded altar of an unknown god.
  1415 | D:2      | Identified the +1 robe "Wevink" {+Inv rF++ Str+3}
  1996 | D:4      | Noticed a centaur
  2015 | D:3      | Found a runed translucent door.
  2015 | D:3      | Noticed Zvl3's ghost (amateur DjHW)
  2240 | D:3      | Found Behikhladi's Jewellery Emporium.
  2290 | D:2      | Reached XP level 4. HP: 18/23 MP: 7/9
  2345 | D:2      | Slain by Terence

Illustrated notes

Levels and vault maps discovered:
D:1:      wander_arrival_estate, layout_basic
D:2:      layout_basic, hellmonk_ecumenical_altar_blasted
D:3:      layout_basic, serial_shops, shop_fountains, ebering_ghost_inner_flame,
          uniq_terence, uniq_crazy_yiuf_cottage
D:4:      layout_gridville, minmay_misc_feat_plants

Skill      XL: |  1  2  3 |
---------------+----------+-----
Stealth        | 1 |  1.7
Translocations | 5 |  5.0
Spellcasting   | 3 |  3.0
Short Blades   | 3 |  3.1
Dodging        | 4 |  4.0
Fighting       | |  1.8
Throwing       | |  1.0
Evocations     | |  0.4

Action                     |  1- 3 |  4- 6 || total
---------------------------+-------+-------++-------
  Melee: Short sword       |   256 |    24 ||   280
         Punch             |     2 |       ||     2
   Cast: Blink             |     1 |       ||     1
    Use: Potion            |     3 |       ||     3
   Stab: Sleeping          |     1 |       ||     1
 Armour: Robe              |    23 |     1 ||    24
         Skin              |    39 |       ||    39
  Dodge: Dodged            |   205 |    16 ||   221

Table legend: (Time is in decaauts)
 A = Elapsed time spent in this place.
 B = Non-inter-level travel time spent in this place.
 C = Inter-level travel time spent in this place.
 D = Time resting spent in this place.
 E = Time spent auto-exploring this place.
 F = Levels seen in this place.
 G = Mean time per level.
                   A        B        C        D        E       F      G
               +--------+--------+--------+--------+--------+-----+--------+
         Total |   1589 |   1570 |     19 |     85 |    317 |   4 |  397.2 |
       Dungeon |   1589 |   1570 |     19 |     85 |    317 |   4 |  397.2 |
               +--------+--------+--------+--------+--------+-----+--------+

Top non-repeatable levels by time:
     D:2: 843 daAuts
     D:1: 586 daAuts
     D:3: 155 daAuts
     D:4: 3 daAuts
